 Dungeon Sprint DCSS version 0.21-a0-426-g98080a9 (webtiles) character file.

10565 Kidiri the Fighter (level 11, -2/107 HPs)
             Began as a Green Draconian Transmuter on Nov 6, 2017.
             Was a High Priest of Sif Muna.
             Slain by a water elemental (7 damage)
             ... summoned by Ilsuiw
             ... in the Dungeon (Sprint VII: "The Pits").
             The game lasted 00:16:49 (3636 turns).

Kidiri the Fighter (Green Draconian Transmuter)     Turns: 3636, Time: 00:16:50

Health: -2/107     AC:  7    Str: 13    XL:     11   Next: 37%
Magic:  22/23      EV: 23    Int: 17    God:    Sif Muna [*****.]
Gold:   48         SH:  0    Dex: 14    Spells: 12/27 levels left

rFire    . . .     SeeInvis .     - Unarmed
rCold    . . .     Gourm    .   (shield currently unavailable)
rNeg     . . .     Faith    .   (armour unavailable)
rPois    +         Spirit   .   (helmet restricted)
rElec    .         Reflect  .   (no cloak)
rCorr    .         Harm     .   (gloves currently unavailable)
MR       .....     NoTele   +   (no boots)
Stlth    ++++......             (no amulet)
HPRegen  0.27/turn              q - +3 ring of evasion
MPRegen  0.18/turn              r - +3 ring of intelligence

@: short of breath, blade hands (expiring), engulfed (cannot breathe),
mesmerised
A: breathe noxious fumes, unfitting armour, big wings, claws 1, blurry vision 1,
poison resistance, cold-blooded, AC +7
a: Breathe Noxious Fumes, Fly, End Transformation, Divine Energy, Channel Magic,
Forget Spell, Renounce Religion


You were in the Dungeon.
You worshipped Sif Muna.
Sif Muna was extremely pleased with you.
You were very full.
You had blades for hands.
You visited 1 branch You collected 48 gold pieces.

Inventory:

Missiles
 a - 43 arrows
Jewellery
 q - a +3 ring of evasion (left scythe-like blade)
 r - a +3 ring of intelligence (right scythe-like blade)
 u - an uncursed ring of positive energy
 z - an uncursed ring of positive energy
Scrolls
 i - a scroll of blinking
 k - 4 scrolls of remove curse
 l - 5 scrolls of amnesia
 m - a scroll of summoning
 t - 5 scrolls of identify
 x - a scroll of recharging
 y - 2 scrolls of enchant armour
Potions
 d - 11 potions of curing
 f - 2 potions of haste
 g - 4 potions of magic
 h - 3 potions of berserk rage
 j - 2 potions of invisibility
 p - 2 potions of agility
 s - 2 potions of brilliance
 v - a potion of ambrosia
Books
 w - Sif Muna's Handbook of Entrancing Arcane Weapons
   (Sif Muna gifted it to you in the Dungeon)

   Spells                             Type                      Level
   a - Corona                         Hexes                        1
   b - Static Discharge               Conjuration/Air              3
   c - Summon Guardian Golem          Hexes/Summoning              3
   d - Venom Bolt                     Conjuration/Poison           5
Comestibles
 c - 9 bread rations
 n - 18 fruits
 o - 7 meat rations


   Skills:
 * Level 13.3 Fighting
 * Level 11.6 Dodging
 + Level 8.9 Stealth
 * Level 12.7 Unarmed Combat
 + Level 8.5 Spellcasting
 * Level 9.3 Transmutations
 + Level 8.1 Ice Magic
 + Level 9.5 Poison Magic


You had 12 spell levels left.
You knew the following spells:

 Your Spells              Type           Power        Failure   Level  Hunger
a - Beastly Appendage     Tmut           #####.       9%          1    None
b - Sticks to Snakes      Tmut           #####...     10%         2    None
c - Spider Form           Tmut/Pois      #####.....   13%         3    #......
d - Ice Form              Ice/Tmut       #####...     24%         4    ###....
e - Blade Hands           Tmut           #####.....   36%         5    #####..


Dungeon Overview and Level Annotations

Branches:
Dungeon (1/1)

Altars:
Ashenzari
Cheibriados
Dithmenos
Elyvilon
Fedhas
Gozag
Hepliaklqana
Kikubaaqudgha
Makhleb
Nemelex Xobeh
Okawaru
Qazlal
Ru
Sif Muna
Trog
Uskayaw
Vehumet
Wu Jian
Xom
Yredelemnul
Zin
The Shining One
Beogh
Jiyva
Lugonu

Annotations:
D exclusions: 6 doors and 4 more exclusions, Ilsuiw, Sonja


Innate Abilities, Weirdness & Mutations

You can breathe blasts of noxious fumes.
Your lurid green scales are hard. (AC +7)
You cannot fit into any form of body armour.
Your system is resistant to poisons. (rPois)
You are cold-blooded and may be slowed by cold attacks.
Your large and strong wings let you fly indefinitely.
You have sharp fingernails.
Scrolls take you a little longer to read.


Message History

Sonja is engulfed in noxious fumes.
Sonja appears confused.
Unknown command.
Unknown command.
You hit the water elemental.
The water elemental is almost destroyed.
* * * LOW HITPOINT WARNING * * *
Your lungs strain for air!
The water elemental hits you.
* * * LOW HITPOINT WARNING * * *
Something completely misses the merfolk impaler.
The merfolk siren chants its luring song.
The water elemental misses you. The merfolk impaler closely misses you.
You aren't carrying any items that you can evoke.
Unknown command.
You slice the water elemental!!
You destroy the water elemental!
* * * LOW HITPOINT WARNING * * *
Your lungs strain for air!
The water elemental hits you!
You die...

########################
................@§.mK...
...............E)Em§....
############++##########


You could see a merfolk impaler, 2 water elementals, a merfolk siren and Sonja
(confused).

Vanquished Creatures
  Erolcha (D)
  A hydra (D)
  A sea snake (D)
  A deep troll (D)
  A flayed ghost (D)
  A cyclops (D)
  An ugly thing (D)
  3 merfolk sirens (D)
  An elephant (D)
  Psyche (D)
  A molten gargoyle (D)
  A komodo dragon (D)
  A freezing wraith (D)
  2 hellwings (D)
  A tyrant leech (D)
  A snapping turtle (D)
  A hornet (D)
  A redback (D)
  A tarantella (D)
  A shadow (D)
  Eustachio (D)
  A basilisk (D)
  A fire elemental (D)
  6 yaks (D)
  A hungry ghost (D)
  A fire bat (D)
  A neqoxec (D)
  A steam dragon (D)
  5 insubstantial wisps (D)
  2 water moccasins (D)
  2 swamp drakes (D)
  A sky beast (D)
  A black bear (D)
  2 centaurs (D)
  A necrophage (D)
  A wolf (D)
  2 bullfrogs (D)
  A scorpion (D)
  A crimson imp (D)
  A quasit (D)
  A jelly (D)
  A worker ant (D)
  2 adders (D)
  A river rat (D)
  An ufetubus (D)
  2 oozes (D)
  A worm (D)
  A leopard gecko (D)
  4 orcs (D)
  A bat (D)
  2 bat skeletons (D)
  2 jackals (D)
  A ball python zombie (D)
  A frilled lizard (D)
  2 rats (D)
79 creatures vanquished.

Vanquished Creatures (others)
  A river rat (D)
1 creature vanquished.

Grand Total: 80 creatures vanquished

Notes
Turn   | Place    | Note
-------+----------+-------------------------------------------
     0 | D        | Kidiri the Draconian Transmuter began the quest for the Orb.
     0 | D        | Reached XP level 1. HP: 16/16 MP: 3/3
    40 | D        | Reached skill level 2 in Fighting
    80 | D        | Found a bloodstained altar of Trog.
    80 | D        | Found a deep blue altar of Sif Muna.
    80 | D        | Found a viscous altar of Jiyva.
    80 | D        | Found a hazy altar of Hepliaklqana.
    80 | D        | Found an opulent altar of Gozag.
    81 | D        | Found a glowing golden altar of the Shining One.
    81 | D        | Found a glowing silver altar of Zin.
    81 | D        | Found a basalt altar of Yredelemnul.
    81 | D        | Found a shimmering altar of Xom.
    81 | D        | Found an ornate altar of the Wu Jian Council.
    81 | D        | Found a sacrificial altar of Ru.
    81 | D        | Found a stormy altar of Qazlal.
    81 | D        | Found an iron altar of Okawaru.
    81 | D        | Found a sparkling altar of Nemelex Xobeh.
    81 | D        | Found a burning altar of Makhleb.
    81 | D        | Found a blossoming altar of Fedhas.
    81 | D        | Found a white marble altar of Elyvilon.
    81 | D        | Found a shadowy altar of Dithmenos.
    81 | D        | Found a snail-covered altar of Cheibriados.
    83 | D        | Found a radiant altar of Vehumet.
    83 | D        | Found a corrupted altar of Lugonu.
    83 | D        | Found a roughly hewn altar of Beogh.
    84 | D        | Found a hide-covered altar of Uskayaw.
    84 | D        | Found an ancient bone altar of Kikubaaqudgha.
    84 | D        | Found a shattered altar of Ashenzari.
    90 | D        | Became a worshipper of Sif Muna the Loreminder
   211 | D        | Reached skill level 1 in Stealth
   211 | D        | Reached XP level 2. HP: 13/25 MP: 3/5
   535 | D        | Learned a level 2 spell: Sticks to Snakes
   546 | D        | Reached skill level 3 in Fighting
   574 | D        | Reached * piety under Sif Muna
   574 | D        | Reached XP level 3. HP: 31/31 MP: 4/6
   584 | D        | Learned a level 3 spell: Spider Form
   637 | D        | Noticed a wolf
   638 | D        | Noticed a scorpion
   638 | D        | Noticed a necrophage
   665 | D        | Reached skill level 4 in Fighting
   678 | D        | Killed a wolf
   678 | D        | Reached skill level 5 in Fighting
   678 | D        | Reached skill level 5 in Unarmed Combat
   678 | D        | Reached XP level 4. HP: 21/42 MP: 1/9
   678 | D        | Reached XP level 5. HP: 24/48 MP: 1/10
   687 | D        | Reached ** piety under Sif Muna
   700 | D        | Killed a necrophage
   700 | D        | Reached skill level 6 in Fighting
   700 | D        | Reached skill level 5 in Dodging
   900 | D        | Learned a level 4 spell: Ice Form
  1111 | D        | Reached XP level 6. HP: 58/58 MP: 5/12
  1157 | D        | Noticed a hungry ghost
  1167 | D        | Killed a hungry ghost
  1167 | D        | Reached *** piety under Sif Muna
  1167 | D        | Reached skill level 7 in Fighting
  1174 | D        | Noticed a water moccasin
  1179 | D        | Reached skill level 5 in Transmutations
  1183 | D        | Killed a water moccasin
  1183 | D        | Your scales start taking on a lurid green colour.
  1183 | D        | Reached XP level 7. HP: 64/66 MP: 10/14
  1183 | D        | Gained mutation: Your system is resistant to poisons. (rPois) [Green Draconian growth]
  1294 | D        | Learned a level 5 spell: Blade Hands
  1376 | D        | Noticed Eustachio
  1376 | D        | Noticed a hornet
  1384 | D        | Paralysed by a hornet for 2 turns
  1386 | D        | Killed a hornet
  1386 | D        | Reached **** piety under Sif Muna
  1386 | D        | Reached skill level 8 in Fighting
  1386 | D        | Reached skill level 5 in Stealth
  1386 | D        | Reached skill level 5 in Spellcasting
  1391 | D        | Killed Eustachio
  1400 | D        | Gained mutation: You expend magic power (3 MP) to strengthen your wands. [mutagenic meat]
  1401 | D        | Gained mutation: You have sharp toenails. [mutagenic meat]
  1402 | D        | Gained mutation: Your tail ends in a poisonous barb. [mutagenic meat]
  1403 | D        | Lost mutation: You expend magic power (3 MP) to strengthen your wands. [mutagenic meat]
  1405 | D        | Gained mutation: You are somewhat resistant to further mutation. [mutagenic meat]
  1505 | D        | Lost mutation: You have sharp toenails. [potion of mutation]
  1505 | D        | Lost mutation: You are somewhat resistant to further mutation. [potion of mutation]
  1505 | D        | Lost mutation: Your tail ends in a poisonous barb. [potion of mutation]
  1505 | D        | Gained mutation: You are clumsy. (Dex -2) [potion of mutation]
  1505 | D        | Gained mutation: You expend magic power (3 MP) to strengthen your wands. [potion of mutation]
  1505 | D        | Gained mutation: You have sharp toenails. [potion of mutation]
  1506 | D        | Lost mutation: You have sharp toenails. [potion of mutation]
  1506 | D        | Lost mutation: You are clumsy. (Dex -2) [potion of mutation]
  1506 | D        | Lost mutation: You expend magic power (3 MP) to strengthen your wands. [potion of mutation]
  1506 | D        | Gained mutation: Your large and strong wings let you fly indefinitely. [potion of mutation]
  1558 | D        | Noticed a flayed ghost
  1565 | D        | Killed a flayed ghost
  1565 | D        | Reached skill level 9 in Fighting
  1565 | D        | Reached skill level 5 in Poison Magic
  1565 | D        | Reached XP level 8. HP: 70/78 MP: 11/16
  1607 | D        | Reached ***** piety under Sif Muna
  1627 | D        | Identified Sif Muna's Grimoire of Hexes (Sif Muna gifted it to you in the Dungeon)
  1627 | D        | Received a gift from Sif Muna
  1852 | D        | Noticed Psyche
  1858 | D        | Noticed a freezing wraith
  1860 | D        | Noticed a hellwing
  1860 | D        | Killed Psyche
  1860 | D        | Reached skill level 10 in Fighting
  1860 | D        | Reached skill level 5 in Ice Magic
  1860 | D        | Reached XP level 9. HP: 85/85 MP: 13/18
  1866 | D        | Killed a freezing wraith
  1866 | D        | Reached skill level 10 in Unarmed Combat
  1869 | D        | Noticed an elephant
  1876 | D        | Killed a hellwing
  1892 | D        | Identified Sif Muna's Compendium of Arcane Weapons (Sif Muna gifted it to you in the Dungeon)
  1892 | D        | Received a gift from Sif Muna
  1901 | D        | Reached skill level 11 in Fighting
  1907 | D        | Killed an elephant
  1907 | D        | Reached XP level 10. HP: 37/96 MP: 10/20
  2220 | D        | Noticed a brown ugly thing
  2222 | D        | Noticed a merfolk siren
  2230 | D        | Killed a brown ugly thing
  2230 | D        | Reached skill level 10 in Dodging
  2238 | D        | Killed a merfolk siren
  2268 | D        | Gained mutation: Scrolls take you a little longer to read. [mutagenic meat]
  2269 | D        | Gained mutation: You have sharp fingernails. [mutagenic meat]
  2420 | D        | Noticed a sea snake
  2431 | D        | Reached skill level 12 in Fighting
  2436 | D        | Killed a sea snake
  2436 | D        | Identified Sif Muna's Papyrus of Beguiling (Sif Muna gifted it to you in the Dungeon)
  2436 | D        | Received a gift from Sif Muna
  2642 | D        | Noticed a cyclops
  2716 | D        | Killed a cyclops
  2732 | D        | Reached XP level 11. HP: 55/105 MP: 20/23
  2981 | D        | Noticed Erolcha
  2988 | D        | Killed Erolcha
  3208 | D        | Noticed a deep troll
  3209 | D        | Noticed a five-headed hydra
  3216 | D        | Killed a deep troll
  3216 | D        | Identified Sif Muna's Handbook of Entrancing Arcane Weapons (Sif Muna gifted it to you in the Dungeon)
  3216 | D        | Received a gift from Sif Muna
  3216 | D        | Reached skill level 13 in Fighting
  3220 | D        | Killed a five-headed hydra
  3613 | D        | Noticed Ilsuiw
  3614 | D        | Noticed a merfolk impaler
  3614 | D        | Noticed Sonja
  3631 | D        | HP: 4/107 [merfolk impaler/trident (18)]
  3636 | D        | HP: 5/107 [drowned by a water elemental[Ilsuiw] (6)]
  3636 | D        | Slain by a water elemental

Vault maps used:
D:        pitsprint

Skill      XL: |  1  2  3  4  5  6  7  8  9 10 11 |
---------------+----------------------------------+-----
Fighting       | 2 3 5 6 7 9 10 11 12 13 | 13.3
Dodging        | 2 3 4 5 6 8 9 11 | 11.6
Stealth        | 1 3 4 5 6 7 8 |  8.9
Unarmed Combat | 4 5 6 7 9 10 12 | 12.7
Spellcasting   | 3 4 5 6 7 8 |  8.5
Transmutations | 3 4 5 6 7 8 9 |  9.3
Ice Magic      | 2 4 5 6 7 8 |  8.1
Poison Magic   | 3 5 6 7 8 9 |  9.5

Action                   |  1- 3 |  4- 6 |  7- 9 | 10-12 || total
-------------------------+-------+-------+-------+-------++-------
Melee: Unarmed           |    61 |    37 |    63 |   114 ||   275
       Tailslap          |     3 |     2 |     8 |     8 ||    21
       Headbutt          |     3 |       |       |       ||     3
       Kick              |       |     1 |       |       ||     1
       Punch             |       |       |     4 |     7 ||    11
 Cast: Beastly Appendage |     5 |     1 |       |       ||     6
       Sticks to Snakes  |     2 |     1 |     2 |     1 ||     6
       Spider Form       |     2 |     1 |       |       ||     3
       Ice Form          |       |     1 |       |     1 ||     2
       Blade Hands       |       |       |     7 |     9 ||    16
 Abil: Breathe Noxious F |       |       |     4 |     5 ||     9
  Use: Potion            |     1 |       |     9 |     5 ||    15
 Stab: Sleeping          |     2 |     3 |       |     1 ||     6
       Confused          |       |       |     2 |     1 ||     3
  Eat: Fruit             |       |    11 |       |    11 ||    22
       Chunk             |       |       |    10 |    11 ||    21
Armor: Skin              |    23 |     7 |    13 |     6 ||    49
Dodge: Dodged            |    77 |    18 |    56 |   116 ||   267

Table legend:
 A = Spawn XP
 B = Non-spawn XP
 C = Spawn XP percentage of total XP
 D = Spawn monster count
 E = Non-spawn monster count
 F = Spawn count percentage of total count
 G = Total turns spent on level
                    A         B        C        D         E        F      G
               +---------+---------+-------+---------+---------+-------+---------
         Total |       0 |   15094 |   0.0 |       0 |      79 |   0.0 |  3636
               +---------+---------+-------+---------+---------+-------+---------
             D |       0 |   15094 |   0.0 |       0 |      79 |   0.0 |  3636
               +---------+---------+-------+---------+---------+-------+---------
